 Dungeon Crawl Stone Soup version 0.31-a0-819-gf6de2f5ab6 (webtiles) character file.

Game seed: 16761818255770533049

669 TheScarfBastard the Chopper (level 7, -1/60 HPs)
             Began as a Grey Draconian Berserker on Sept 24, 2023.
             Was a Priest of Trog.
             Succumbed to a water moccasin's poison
             ... on level 5 of the Dungeon.
             The game lasted 00:11:28 (3291 turns).

TheScarfBastard the Chopper (DrBe)                  Turns: 3291, Time: 00:11:28

Health: -1/60      AC:  7    Str: 22    XL:     7   Next: 32%
Magic:  7/7        EV: 13    Int:  7    God:    Trog [***...]
Gold:   205        SH:  0    Dex: 10    Spells: 6/6 levels left

rFire   . . .        n - +0 great sword
rCold   . . .        (shield currently unavailable)
rNeg    . . .        (body armour unavailable)
rPois   .            (helmet restricted)
rElec   .            (no cloak)
rCorr   .            j - +0 pair of gloves
SInv    .            b - +2 pair of boots
Will    +....        (no amulet)
Stlth   ++           h - ring of willpower
HPRegen 0.30/turn    (no ring)
MPRegen 0.10/turn

%: no passive effects
@: lethally poisoned (-1 -> -25), corroded, on berserk cooldown, slowed, very
slow
A: AC +11, amphibious, unfitting armour, cold-blooded
a: Renounce Religion, Berserk, Trog's Hand


You were on level 5 of the Dungeon.
You worshipped Trog.
Trog was most pleased with you.
You visited 1 branch of the dungeon, and saw 5 of its levels.

You collected 205 gold pieces.

Inventory:

Hand Weapons
 a - a +0 hand axe
 d - a +4 dagger
 k - a +0 scythe
 n - a +0 great sword (weapon)
Armour
 b - a +2 pair of boots (worn)
 j - a +0 pair of gloves (worn)
Jewellery
 h - a ring of willpower (left hand)
Talismans
 l - a beast talisman
Scrolls
 e - a scroll of torment
 g - a scroll of vulnerability
 m - a scroll of teleportation {unknown}
Potions
 c - 2 potions of berserk rage
 f - 2 potions of degeneration {unknown}
 i - 2 potions of curing {unknown}
 o - a potion of magic {unknown}
 p - a potion of enlightenment {unknown}


   Skills:
 + Level 4.6 Fighting
 + Level 1.1 Long Blades
 + Level 6.1 Axes
 + Level 4.7 Dodging
 + Level 2.0 Stealth


You had 6 spell levels left.
You didn't know any spells.
Your spell library was empty.

Dungeon Overview and Level Annotations

Branches:
Dungeon (5/15)
 Temple: D:4-7

Altars:
Ashenzari
Cheibriados
Trog
Zin


Innate Abilities, Weirdness & Mutations

Your dull iron-grey scales are very hard. (AC +11)
You are amphibious.
You cannot fit into any form of body armour.
You are cold-blooded and may be slowed by cold attacks.


Message History

You kill the jelly!
Trog accepts your kill.
The water moccasin barely misses you. x2
Your Long Blades skill increases to level 1!
The water moccasin misses you.
You barely miss the water moccasin. You tail-slap the water moccasin.
The water moccasin is lightly wounded.
The water moccasin bites you.
* * * LOW HITPOINT WARNING * * *
You closely miss the water moccasin.
Your tail-slap misses the water moccasin.
The water moccasin is lightly wounded.
The water moccasin bites you but does no damage.
The water moccasin misses you.
You closely miss the water moccasin.
Your tail-slap misses the water moccasin.
The water moccasin is lightly wounded.
The water moccasin barely misses you.
You miss the water moccasin.
Your tail-slap misses the water moccasin.
The water moccasin is lightly wounded.
The water moccasin bites you.
* * * LOW HITPOINT WARNING * * *
You are poisoned.
The water moccasin poisons you! The water moccasin bites you.
* * * LOW HITPOINT WARNING * * *
You are lethally poisoned!
The water moccasin poisons you!
You miss the water moccasin.
The water moccasin is lightly wounded.
* * * LOW HITPOINT WARNING * * *
You feel extremely sick. The water moccasin bites you!
* * * LOW HITPOINT WARNING * * *
You barely miss the water moccasin.
The water moccasin is lightly wounded.
You are no longer berserk.
You are exhausted.
You feel yourself slow down.
You die...

.. ##..# ...... ....
...... #..# #...... ##
#.# #..# ###....... ..
..# #..# #......... ##
#.# #..####.#.......
.# #.#
#.......S....... .#
#.# #.......@....## .#
#.# #.####..###### .#
#.# #.# #..#
.####(###.# #..#
..........# #).#
†.....########..###...
.....................#
..#.##########.###..##
..#.# #.# ##


You could see a water moccasin.

Vanquished Creatures
  Sigmund (D:3)
  An ice beast (D:4)
  Blork the orc (D:5)
  A jelly (D:5)
  An orc priest (D:4)
  A sleepcap (D:5)
  2 iguanas
  A mummy (D:4)
  11 adders
  2 worms
  5 dart slugs
  4 orcs
  7 bats
  10 endoplasms
  2 giant cockroaches (D:1)
  7 hobgoblins
  4 jackals (D:1)
  8 quokkas
  6 ball pythons
  5 frilled lizards
  7 goblins
  6 kobolds
  2 kobold zombies (D:4)
  2 orc zombies (D:4)
  5 rats
102 creatures vanquished.

Notes
Turn   | Place    | Note
-------+----------+-------------------------------------------
     0 | D:1      | TheScarfBastard the Draconian Berserker began the quest for
                  | the Orb.
     0 | D:1      | Reached XP level 1. HP: 19/19 MP: 1/1
   124 | D:1      | Reached XP level 2. HP: 26/26 MP: 2/2
   520 | D:1      | Reached XP level 3. HP: 10/31 MP: 3/3
   936 | D:2      | Reached skill level 4 in Axes
   938 | D:2      | Reached ** piety under Trog
   960 | D:2      | Reached XP level 4. HP: 9/39 MP: 4/4
  1562 | D:3      | Found a broken altar of Ashenzari.
  1562 | D:3      | Found a snail-covered altar of Cheibriados.
  1594 | D:3      | Reached skill level 1 in Stealth
  1598 | D:3      | Reached XP level 5. HP: 46/46 MP: 5/5
  1709 | D:3      | Found a bloodstained altar of Trog.
  1740 | D:3      | Found a glowing silver altar of Zin.
  1909 | D:3      | Reached *** piety under Trog
  2010 | D:3      | Noticed Sigmund
  2025 | D:3      | Killed Sigmund
  2026 | D:3      | Reached skill level 5 in Axes
  2026 | D:3      | Reached XP level 6. HP: 52/52 MP: 6/6
  2520 | D:4      | Noticed an ice beast
  2529 | D:4      | Killed an ice beast
  3128 | D:5      | Entered Level 5 of the Dungeon
  3128 | D:5      | Noticed Blork the orc
  3137 | D:5      | Killed Blork the orc
  3138 | D:5      | Reached skill level 6 in Axes
  3138 | D:5      | Your scales start taking on a dull iron-grey colour.
  3138 | D:5      | Reached XP level 7. HP: 60/60 MP: 7/7
  3285 | D:5      | Reached skill level 1 in Long Blades
  3291 | D:5      | Succumbed to a water moccasin's poison

Illustrated notes

Levels and vault maps discovered:
D:1:      dpeg_arrival_simpleton_a, layout_basic
D:2:      layout_rooms, grunt_ministairs_6, minmay_misc_feat_iff,
          kennysheep_generic_room_11
D:3:      layout_basic, gammafunk_temple_overflow_wave,
          nicolae_overflow_squiral, uniq_sigmund
D:4:      layout_gridville, minmay_mini_ossuary
D:5:      layout_loops_ring, minmay_temple_entry_wispy, gammafunk_ghost_hive,
          minmay_misc_feat_columns, uniq_blork_the_orc

Skill      XL: |  1  2  3  4  5  6  7 |
---------------+----------------------+-----
Dodging        | 3 4 |  4.7
Axes           | 4 5 6 |  6.1
Stealth        | 1 2 |  2.0
Fighting       | 4 |  4.6
Long Blades    | 1 |  1.1

Action                     |  1- 3 |  4- 6 |  7- 9 || total
---------------------------+-------+-------+-------++-------
  Melee: Hand axe          |   107 |   165 |       ||   272
         Tailslap          |    13 |    18 |     7 ||    38
         Punch             |       |     5 |       ||     5
         Great sword       |       |     6 |    46 ||    52
 Invoke: Berserk           |     2 |     4 |     1 ||     7
    Use: Scroll            |     3 |     4 |       ||     7
   Stab: Sleeping          |     2 |       |       ||     2
 Armour: Skin              |    76 |   104 |    56 ||   236
  Dodge: Dodged            |   106 |   166 |    55 ||   327

Table legend: (Time is in decaauts)
 A = Elapsed time spent in this place.
 B = Non-inter-level travel time spent in this place.
 C = Inter-level travel time spent in this place.
 D = Time resting spent in this place.
 E = Time spent auto-exploring this place.
 F = Levels seen in this place.
 G = Mean time per level.
                   A        B        C        D        E       F      G
               +--------+--------+--------+--------+--------+-----+--------+
         Total |   3408 |   3307 |    101 |      0 |   1945 |   5 |  681.6 |
       Dungeon |   3408 |   3307 |    101 |      0 |   1945 |   5 |  681.6 |
               +--------+--------+--------+--------+--------+-----+--------+

Top non-repeatable levels by time:
     D:4: 943 daAuts
     D:1: 904 daAuts
     D:3: 713 daAuts
     D:2: 646 daAuts
     D:5: 201 daAuts
